[Event "Svetozar Gligoric Masters 2022"]
[Site "Belgrade"]
[Date "2022.07.23"]
[Round "9.16"]
[White "Tisaj, Domen"]
[Black "Mohota, Nisha"]
[Result "1-0"]
[ECO "D30"]
[WhiteElo "2355"]
[BlackElo "2148"]
[Annotator "TA"]
[PlyCount "127"]
[EventDate "2022.07.18"]
[EventCountry "SRB"]
[SourceTitle "playchess.com"]
[Source "ChessBase"]
[SourceQuality "1"]
[TimeControl "40/5400+30:900+30"]

1. d4 d5 2. c4 c6 3. Nf3 Nf6 4. e3 e6 5. Nbd2 Bb4 6. a3 {D30: Queen's Gambit Declined: Systems without Nc3.} Bd6 7. Bd3 Nbd7 8. O-O {[#] White is slightly better.} c5 $146 ({Predecessor:} 8... O-O 9. b4 Re8 10. Bb2 e5 11. dxe5 Nxe5 12. Nxe5 Bxe5 13. Qc2 h6 14. Nf3 Bxb2 15. Qxb2 {1-0 (30) Andersen,T (1919)-Hagerup,P (1664) Borup 2014}) 9. cxd5 exd5 10. dxc5 (10. e4 $14 dxe4 11. Nxe4 Nxe4 12. Bxe4) 10... Nxc5 $11 11. Bb5+ Bd7 12. Bxd7+ Qxd7 13. b4 Nd3 14. Nb3 Nxc1 15. Rxc1 O-O 16. Nfd4 b6 17. Qd3 a5 18. Nc6 axb4 19. axb4 Ra2 20. Nbd4 Ne4 (20... Rfa8 $14) 21. Rc2 (21. Qb3 $16 Rfa8 22. Qxd5) 21... Rxc2 22. Qxc2 Ra8 23. Qe2 h6 24. Rc1 Qc7 25. g3 Bxb4 $2 (25... Bf8 $14) 26. Nb5 $1 $18 {Pair of Knights!} Qc8 {[#]} 27. Ne7+ $1 Bxe7 $16 28. Rxc8+ Rxc8 29. Qd3 Rc5 {[#]} (29... Nf6 $16) 30. Nd4 $1 $18 {[%mdl 1024] White has strong compensation.} Nf6 31. Nb3 ({White should play} 31. Qa6 $18) 31... Rc4 $16 32. Nd2 Rb4 33. Nf3 g6 {[#]} (33... Re4 $16) 34. Qc3 $1 $18 Kg7 35. Qc7 Kf8 (35... Re4 {was worth a try.} 36. Qxb6 Re6) 36. Ne5 Rb1+ 37. Kg2 {Strongly threatening Nc6.} Rb2 $2 (37... Rb4 38. Qb8+ Kg7) 38. Qc1 $2 (38. Qc8+ Kg7 39. Qb7) 38... Rb5 $2 (38... Ra2 39. Qc8+ Kg7) 39. Qc8+ Kg7 40. Qc7 Kf8 41. Nc6 Ba3 42. Qc8+ Ne8 43. Qa6 Rb3 44. Nd4 Rc3 45. Nb5 Rc6 46. Qxa3+ Kg7 47. Qe7 {And now Nd4 would win.} Re6 48. Qb7 Nf6 49. Nd4 Rd6 50. Qc7 Rd7 51. Qxb6 h5 52. h4 Ne4 53. Ne2 Rd6 54. Qd4+ Kf8 55. Nf4 Nf6 56. Qe5 Rb6 57. Nxd5 Nxd5 58. Qxd5 {Qd8+ would kill now. KQ-KR} Ke7 59. e4 {[%cal Be3e4,Be4f5][%mdl 32] White wants to mate with Qc5+.} Re6 60. f4 {Intending Qb7+ and mate.} Kf6 61. Kf3 Ke7 62. f5 gxf5 63. exf5 Rh6 64. Qe5+ {Weighted Error Value: White=0.30/Black=0.43} 1-0

[Event "Svetozar Gligoric Masters 2022"]
[Site "Belgrade"]
[Date "2022.07.23"]
[Round "9.17"]
[White "Sanket Chakravarty"]
[Black "Karaokcu, Erkin"]
[Result "1-0"]
[ECO "D76"]
[WhiteElo "2209"]
[BlackElo "2302"]
[Annotator "TA"]
[PlyCount "61"]
[EventDate "2022.07.18"]
[EventCountry "SRB"]
[SourceTitle "playchess.com"]
[Source "ChessBase"]
[SourceQuality "1"]
[TimeControl "40/5400+30:900+30"]

1. c4 g6 2. Nf3 Bg7 3. d4 Nf6 4. g3 O-O 5. Bg2 d5 6. cxd5 Nxd5 7. O-O Nb6 8. Nc3 Nc6 9. d5 Na5 10. Qc2 c6 11. dxc6 Nxc6 12. Rd1 Bf5 13. e4 Bd7 $1 14. a4 {D76: Fianchetto Grünfeld: Main Line with 7...Nb6.} Rc8 15. Bf4 {[#]} Qe8 $146 ({Predecessor:} 15... e5 16. Bg5 Qe8 17. a5 Nd4 18. Nxd4 exd4 19. axb6 dxc3 20. bxc3 axb6 21. Ra3 b5 {1-0 (66) Kilgus,G (2428)-Flumbort,A (2472) Austria 2013}) 16. Qe2 {The position is equal.} Nb4 (16... Bg4 $11) 17. Be5 {Black must now prevent Bxg7.} Bxa4 (17... f6 $14 18. Bd4 Nxa4) 18. Bxg7 {White is more active.} Kxg7 (18... Bxd1 $2 19. Qxd1 Kxg7 20. Qd4+ e5 21. Qxb4 $18) 19. Nxa4 (19. Rd4 $1 $16 a5 20. e5) 19... Nxa4 $11 20. Bh3 $36 {[%mdl 2048] White has good play.} e6 $1 21. Ne5 {Strongly threatening Nd7.} (21. Bf1 $5 ) 21... Rc2 {[#]} (21... Nc5 $11 {keeps the balance.}) 22. Qe3 $1 $16 {Threatens to win with Ng4.} Nxb2 {[#]} (22... Nc5 $16 {keeps fighting.}) 23. Ng4 $1 $18 {Intending Qh6+ and mate.} f6 {[#]} (23... Nxd1 $2 {is a self mate.} 24. Qh6+ Kh8 25. Nf6 Nxf2 26. Qxh7#) 24. Rxa7 $1 Rc7 (24... Nxd1 $2 25. Qh6+ Kh8 26. Rxb7 $18) 25. Rb1 (25. Rc1 $18 {and the rest is easy.} Rcf7 26. Bf1) 25... N4d3 $2 (25... Nc6 $16) 26. Bf1 Qd7 (26... Rff7 27. Bxd3 Nxd3 28. Qxd3 h5) 27. Bxd3 Nxd3 28. Qh6+ {White mates.} Kg8 {[#]} 29. Rbxb7 $3 Nf4 (29... Rfc8 30. Nxf6+) 30. Nxf6+ Rxf6 31. Ra8+ {Weighted Error Value: White=0.17 (very precise) /Black=0.69} 1-0

[Event "Svetozar Gligoric Masters 2022"]
[Site "Belgrade"]
[Date "2022.07.23"]
[Round "9.19"]
[White "Shaik Sumer Arsh"]
[Black "Omorjan, Dejan"]
[Result "0-1"]
[ECO "D90"]
[WhiteElo "2007"]
[BlackElo "2290"]
[Annotator "TA"]
[PlyCount "102"]
[EventDate "2022.07.18"]
[EventCountry "SRB"]
[SourceTitle "playchess.com"]
[Source "ChessBase"]
[SourceQuality "1"]
[TimeControl "40/5400+30:900+30"]

1. d4 Nf6 2. c4 g6 3. Nc3 d5 4. Nf3 Bg7 5. h4 c6 6. Bg5 {D90: Grünfeld: 4 Nf3 Bg7 sidelines.} dxc4 7. e4 b5 {7...Be6 gains popularity.} 8. e5 {The position is equal.} Nd5 9. h5 Bg4 (9... gxh5 $11 {should be considered.} 10. Rxh5 Bg4) 10. h6 $1 $14 {[%mdl 1024] White has compensation.} Bf8 {[#]} 11. Ne4 $146 ({Better is} 11. a4 $14) ({Predecessor:} 11. Be2 f6 12. Bd2 Kf7 13. Ng5+ fxg5 14. Bxg4 Nf4 15. Qf3 Qxd4 16. O-O-O Qxe5 17. g3 {1-0 (23) Baldauf,M (2485)-Heinemann,J (2329) Chess.com INT 2019}) 11... Qa5+ (11... f6 $5 12. Bc1 Nd7 $17) 12. Bd2 Qb6 13. Rh4 Bf5 14. Nc5 $1 Na6 15. Nxa6 Qxa6 16. g4 Bc8 17. Ng5 f6 18. Ne4 Qb6 19. exf6 (19. Bg2 $15) 19... exf6 $17 ({Much weaker is} 19... Qxd4 20. f7+ Kxf7 21. Qf3+ Kg8 22. O-O-O $14) 20. g5 (20. Qe2 $17 {was necessary.} Be7 21. O-O-O) 20... f5 (20... fxg5 $19 21. Bxg5 Bb4+ 22. Ke2 O-O) 21. Nc5 Kf7 (21... Bxc5 $17 22. dxc5 Qxc5) 22. Bg2 $1 $15 Bd6 $36 {[%mdl 2048] Black has some pressure.} ({Inferior is} 22... Bxc5 23. Bxd5+ cxd5 24. dxc5 Qxc5 25. Be3 $17) 23. Bxd5+ {Black continues to play with concentration.} (23. Kf1 $15) 23... cxd5 $17 24. b4 (24. Kf1 $142) 24... Re8+ 25. Kf1 Qc6 26. f3 $2 (26. Qf3 $17) 26... a6 (26... Bg3 $142 27. Rh3 f4 28. Rxg3 fxg3) 27. Kf2 (27. f4 $142) 27... Ra7 $19 28. Qc2 (28. f4 $142) 28... Rae7 {...Re2+ is the strong threat.} 29. Bc3 (29. Qd1 $142) 29... Qc7 {Hoping for ...Bg3+.} 30. Rh3 {Prevents Bg3+.} Bf4 31. a4 Be3+ {A strong pair of Bishops.} 32. Kf1 Qf4 33. axb5 axb5 34. Qh2 Qxg5 {Strongly threatening ...f4.} 35. Rh4 f4 36. Ra5 Qf5 37. Qa2 {Prevents Qb1+.} Qg5 38. Qh2 {Against Qg1+} Qf5 {( -> ...Qb1+)} 39. Qa2 {Against Qb1+} Qf6 40. Qh2 g5 {aiming for ...Qg6.} 41. Rh5 Qg6 42. Ra1 {Inhibits Qb1+.} Bf5 43. Ra6 {[#]} Be6 (43... Bd2 $142 $1 44. Ne4 Qxa6 45. Rxg5 Bxe4 46. fxe4 Bxc3 47. Rg7+ Ke6 48. Qh3+ Kd6 49. e5+ Kc6 50. Qxc3 Qa2) 44. Rd6 Qb1+ 45. Be1 Bxd4 46. Ne4 {[#]} Qd3+ (46... Bg4 $142 $1 47. Qd2 (47. Rf6+ Bxf6) 47... Rxe4 48. fxe4 Qxe4 49. Rf6+ Kxf6 50. Bf2 Be2+ 51. Kg1 Bxf2+ 52. Kh2 Bg3+ 53. Kg1 Qb1+ 54. Qe1 Qxe1+ 55. Kg2 Qf1#) 47. Qe2 dxe4 48. Qxd3 exd3 {Black mates.} 49. Rxd4 {[#]} Bh3+ $1 50. Kg1 Rxe1+ 51. Kh2 {[#]} Bg4 $1 {Weighted Error Value: White=0.72/Black=0.63} 0-1

[Event "Svetozar Gligoric Masters 2022"]
[Site "Belgrade"]
[Date "2022.07.23"]
[Round "9.20"]
[White "Makaraci, Tunahan"]
[Black "Han, Yichen"]
[Result "0-1"]
[ECO "C56"]
[WhiteElo "2130"]
[BlackElo "2286"]
[Annotator "TA"]
[PlyCount "92"]
[EventDate "2022.07.18"]
[EventCountry "SRB"]
[SourceTitle "playchess.com"]
[Source "ChessBase"]
[SourceQuality "1"]
[TimeControl "40/5400+30:900+30"]

1. e4 e5 2. Nf3 Nc6 3. Bc4 Nf6 4. d4 exd4 5. e5 d5 6. Bb5 Nd7 7. O-O Be7 8. Bxc6 bxc6 9. Nxd4 {C56: Two Knights: 4 d4 exd4 5 0-0 Nxe4.} Nb8 10. Nc3 O-O 11. Qf3 {The position is equal.} a5 12. Re1 Ra6 13. Nf5 Bxf5 14. Qxf5 c5 {[#]} 15. Qd3 $146 ({Predecessor:} 15. Rd1 c6 16. Rd3 g6 17. Qf4 f5 18. Qh6 Qd7 19. Bg5 Bxg5 20. Qxg5 Qe6 21. Re1 {1-0 (33) Najer,E (2659)-Robson,R (2681) Chess.com INT 2022}) 15... d4 16. Ne4 Rb6 (16... a4 {feels hotter.} 17. Qc4 Rb6 18. c3 Nc6) 17. f4 Nc6 18. b3 Nb4 19. Qc4 Qd5 {Strongly threatening ...Qxc4.} 20. Qxd5 Nxd5 21. Bd2 a4 22. Nf2 Rc6 23. Rab1 c4 24. bxa4 {[#]} Ra6 $1 25. Re4 c5 {Black is more active.} 26. a5 (26. f5 $17 {was worth a try.}) 26... c3 $19 27. Bc1 Rxa5 28. a3 {[#]} Raa8 $1 29. Rb7 (29. Kf1 {was necessary.}) 29... Rab8 30. Rd7 Rfd8 31. Rxd8+ Bxd8 32. Kf1 Rb1 33. Re1 c4 {Hoping for ...Bb6.} 34. f5 Bb6 {[%cal Od4d3] Threatens to win with ...d3!} 35. Ke2 $2 (35. e6) 35... d3+ 36. Nxd3 cxd3+ 37. Kxd3 Bf2 38. Re2 Bb6 (38... Rxc1 39. Rxf2 Ra1 40. Kc4 $17) ({Better is} 38... Bg1 $19 39. Ke4 Rxc1 40. Kxd5 Rd1+ 41. Ke4 g6) 39. Kc4 $2 (39. Re1 $1 $11 {and White is okay.}) 39... Rxc1 40. Kxd5 {[%mdl 4096] Endgame KRB-KR} Rd1+ 41. Kc6 Rd2 42. Re4 Bd8 ({Weaker is} 42... Rxc2 43. Kxb6 Rb2+ 44. Kc5 $14) 43. e6 $2 (43. Rc4 Rxc2 44. g3) 43... fxe6 {Black is clearly winning.} 44. fxe6 Kf8 45. Rc4 Rxc2 {White must now prevent ...Bf6.} 46. Rd4 Rd2 {Weighted Error Value: White=0.53/Black=0.17 (very precise)} 0-1

[Event "Svetozar Gligoric Masters 2022"]
[Site "Belgrade"]
[Date "2022.07.23"]
[Round "9.21"]
[White "Alexakis, Dimitris"]
[Black "Srija, Seshadri"]
[Result "1-0"]
[ECO "C71"]
[WhiteElo "2484"]
[BlackElo "2208"]
[Annotator "TA"]
[PlyCount "101"]
[EventDate "2022.07.18"]
[EventCountry "SRB"]
[SourceTitle "playchess.com"]
[Source "ChessBase"]
[SourceQuality "1"]
[TimeControl "40/5400+30:900+30"]

1. e4 e5 2. Nf3 Nc6 3. Bb5 a6 4. Ba4 d6 5. d4 b5 6. Bb3 Nxd4 7. Nxd4 exd4 8. Bd5 Rb8 9. Bc6+ Bd7 10. Bxd7+ Qxd7 11. Qxd4 Nf6 12. Nc3 Be7 13. O-O O-O 14. b3 {C71: Ruy Lopez: Deferred Steinitz Variation, sidelines.} b4 15. Na4 {[#]} Ng4 $146 {Threatens to win with ...Bf6.} ({Predecessor:} 15... Qc6 16. Bb2 Rfe8 17. Rfe1 Bf8 18. f3 Nd7 {½-½ (18) Prodanovic,M-Marjan,D Yugoslavia 1967}) 16. Bb2 {[%csl Gb2][%cal Rd4g7] White has an edge.} Bf6 17. Qd2 Qe6 18. Bxf6 Nxf6 19. Rfe1 Rfe8 (19... Nxe4 $2 20. Qd3 $16) 20. f3 h6 21. c4 a5 22. Rad1 Rbd8 23. Qd4 Qd7 24. Kf2 Qc6 25. h4 Qd7 26. Nb2 c5 27. Qd2 Qe7 28. g3 Nh5 29. Nd3 Qf6 30. Kg2 {Hoping for g4.} Qd4 31. Nf4 (31. Re3 $16) 31... Qxd2+ (31... Nxf4+ $11 {remains equal.} 32. Qxf4 Qb2+ 33. Qd2 Qa3) 32. Rxd2 $16 Nxf4+ 33. gxf4 $11 {[%mdl 4096] Endgame KRR-KRR} Kf8 34. Rd5 Re6 35. Red1 Ke7 36. Kf2 (36. h5 $1 $16) 36... Rd7 {[#]} (36... g6 $14) 37. h5 $1 $16 Rd8 38. Ke3 Rd7 $2 (38... g6 $16 39. Rh1 Rh8) 39. Rg1 (39. f5 $18 Rf6 40. f4) 39... Kf8 {[#]} (39... g6 $16 40. hxg6 Rxg6) 40. Rgd1 (40. f5 $142 $1 Re5 41. Rd2) 40... Ke7 $18 41. f5 Re5 (41... Rf6 $142 42. f4 Rd8) 42. R5d2 {f4 is the strong threat. White is clearly winning.} d5 43. cxd5 {[%cal Bc4d5,Bd5d6,Bd6d7][%mdl 32] Black must now prevent f4.} Kd6 44. f4 Re8 45. e5+ Kc7 46. Rc1 Kb6 47. Ke4 f6 48. d6 Red8 49. Rd5 Rc8 50. e6 Rdd8 51. d7 {Weighted Error Value: White=0.24 (precise) /Black=0.33} 1-0

[Event "Svetozar Gligoric Masters 2022"]
[Site "Belgrade"]
[Date "2022.07.23"]
[Round "9.22"]
[White "Gokcek, Kursat Bugra"]
[Black "Nitish Belurkar"]
[Result "0-1"]
[ECO "C07"]
[WhiteElo "2185"]
[BlackElo "2460"]
[Annotator "TA"]
[PlyCount "108"]
[EventDate "2022.07.18"]
[EventCountry "SRB"]
[SourceTitle "playchess.com"]
[Source "ChessBase"]
[SourceQuality "1"]
[TimeControl "40/5400+30:900+30"]

1. e4 e6 2. d4 d5 3. Nd2 c5 4. Ngf3 cxd4 5. Nxd4 Nc6 6. Bb5 Bd7 7. Nxc6 bxc6 8. Bd3 $1 Bd6 {C07: French Tarrasch: 3...c5, 4 Ngf3 and 4 exd5 Qxd5.} 9. Qe2 Qc7 {9...e5 is setting a new trend.} 10. Nf3 dxe4 {White has an edge.} 11. Qxe4 Nf6 12. Qh4 c5 {[#]} 13. Bh6 $1 {[#]} Nd5 $146 (13... Bf8 14. O-O-O) ({Predecessor:} 13... Bf8 14. O-O Nd5 15. c4 Nb4 16. Be4 Bc6 17. Bf4 Qb7 18. Bxc6+ Nxc6 19. Qg3 Rd8 {1-0 (31) Sammed Jaykumar,S (2378)-Swayams,M (2452) Jammu 2018}) 14. Bg5 (14. Bxg7 $16 Rg8 15. Qxh7) 14... Nf4 15. Bxf4 Bxf4 16. g3 $1 Bc6 17. Qxf4 Qxf4 {[%mdl 64] Remove Defender} 18. gxf4 Bxf3 19. Rg1 g6 20. Kd2 Ke7 21. Ke3 Bd5 22. c4 Bb7 23. Rac1 Rhd8 24. Rc3 Rd7 25. Rb3 Rad8 26. Rg5 (26. Be2 $11) 26... f5 $15 27. Be2 Kf6 28. Rg3 (28. Rg1 $1 $15) 28... Bc6 $17 29. Rd3 Rd4 30. f3 e5 {Black is more active.} 31. fxe5+ Kxe5 {Strongly threatening ...f4+.} 32. f4+ Kf6 33. Rxd4 Rxd4 ({Much weaker is} 33... cxd4+ $6 34. Kd2 $11) 34. Bf3 {Prevents Re4+.} (34. Bd3 $17 {was worth a try.}) 34... Bxf3 $19 35. Rxf3 Rxc4 {[%mdl 4096] Endgame KR-KR} 36. Rf2 Ke6 37. Rd2 (37. h4 {was called for.}) 37... a5 38. Rf2 Re4+ 39. Kd3 Kd5 40. b3 $2 (40. Rf3) 40... a4 41. Rf3 axb3 42. axb3 Rb4 43. Ke2 Ke4 {...c4 is the strong threat.} 44. Rc3 {Against c4} (44. Kf2) 44... Kxf4 {Threatens to win with ...Kg4.} 45. Rxc5 (45. Rg3 $142 g5 46. Rf3+ Ke5 47. Rc3) 45... Rxb3 46. Rc4+ Kg5 47. Kf2 Rb2+ (47... f4 $142 48. Rc7 h6) 48. Kg1 f4 {aiming for ...Kg4.} 49. Rc7 h6 50. Rc6 Kh5 {And now ...g5 would win.} 51. Rf6 g5 {Black mates.} 52. Kh1 Kg4 53. Rxh6 {[#]} Kf3 $1 54. Rh3+ Kf2 {Weighted Error Value: White=0.79/Black=0.26 (precise)} 0-1

[Event "Svetozar Gligoric Masters 2022"]
[Site "Belgrade"]
[Date "2022.07.23"]
[Round "9.23"]
[White "Radusinovic, Lazar"]
[Black "Nurgali, Nazerke"]
[Result "0-1"]
[ECO "E07"]
[WhiteElo "2350"]
[BlackElo "2181"]
[Annotator "TA"]
[PlyCount "102"]
[EventDate "2022.07.18"]
[EventCountry "SRB"]
[SourceTitle "playchess.com"]
[Source "ChessBase"]
[SourceQuality "1"]
[TimeControl "40/5400+30:900+30"]

1. d4 d5 2. Nf3 Nf6 3. g3 e6 4. Bg2 Be7 5. O-O O-O 6. c4 c6 7. Nc3 b6 8. Nd2 Ba6 9. b3 Nbd7 10. e4 Rc8 11. Bb2 dxe4 12. Ndxe4 {E07: Closed Catalan: Main Line (5 Nf3 0-0 6 0-0 Nbd7).} b5 13. d5 {[#]} exd5 $146 ({Predecessor:} 13... cxd5 14. cxb5 Bb7 15. Ng5 Qa5 16. Qd3 h6 17. Nh3 Ba3 18. Bxa3 Qxa3 19. Na4 Rc7 {0-1 (42) Pucarevic,M (2251)-Skare,G (2297) Belgrade 2009}) 14. cxd5 (14. cxb5 $1 $11 Nxe4 15. bxa6) 14... b4 $1 $17 15. d6 Bxf1 16. Qxf1 bxc3 17. Ba3 {[#] This bishop pair is nice.} c5 $1 {And now ...Nxe4 would win.} 18. dxe7 Qxe7 19. Re1 (19. Nxc3 $17 {was necessary.} Rfe8 20. Rd1) 19... Rfe8 $19 20. Re3 Nxe4 21. Bxe4 Qd6 22. Rd3 Qa6 23. Rxd7 Qxf1+ ({Don't blunder} 23... Qxa3 $2 24. Qc4 Qc1+ 25. Kg2 $19) 24. Kxf1 {Hoping for Bb7.} Rxe4 {[%mdl 4096] Endgame KRR-KRB} 25. Rd3 Re6 {Strongly threatening ...c2.} 26. Bc1 Ra6 27. a3 Kf8 28. Rxc3 Ke7 29. Ke2 Kd7 30. Kd3 Rd6+ 31. Kc2 a6 32. Be3 Rd5 33. Rc4 Rc6 34. Rg4 g6 35. h4 f5 36. Rc4 Re5 37. Kd3 Ke6 38. Kc3 (38. h5 $142) 38... Kd5 39. Ra4 $2 (39. Kb2 $17 {is a better defense.}) 39... Re4 40. Ra5 {[#]} Rxe3+ $1 41. fxe3 {[#] KR-KR} Ke4 42. Kc4 Kxe3 43. Kd5 (43. Rxc5 $142 Rxc5+ 44. Kxc5) 43... Rb6 44. Kxc5 Rxb3 45. Rxa6 Kf3 46. Ra7 Kxg3 {Threatens to win with ...f4.} 47. Rxh7 Rxa3 {Black mates.} 48. Rg7 Kxh4 49. Rxg6 Rd3 50. Rg8 f4 51. Rf8 Kg3 {White did not feel at home in the position after the opening.  Weighted Error Value: White=0.43/Black=0.09 (flawless)} 0-1

[Event "Svetozar Gligoric Masters 2022"]
[Site "Belgrade"]
[Date "2022.07.23"]
[Round "9.24"]
[White "Aaditya Dhingra"]
[Black "Milosevic, Milos"]
[Result "1/2-1/2"]
[ECO "B96"]
[WhiteElo "2156"]
[BlackElo "2288"]
[Annotator "TA"]
[PlyCount "63"]
[EventDate "2022.07.18"]
[EventCountry "SRB"]
[SourceTitle "playchess.com"]
[Source "ChessBase"]
[SourceQuality "1"]
[TimeControl "40/5400+30:900+30"]

1. e4 c5 2. Nf3 d6 3. d4 cxd4 4. Nxd4 Nf6 5. Nc3 a6 6. Bg5 e6 7. f4 h6 8. Bh4 Qb6 9. a3 Nbd7 {B96: Sicilian Najdorf: 6 Bg5 e6 7 f4, lines other than 7...Qb6 and 7...Be7.} (9... Qxb2 $2 10. Na4 Qxa1 11. Qxa1 $18) 10. Bf2 {[%cal Od4e6] [#] Strongly threatening Nxe6!} Qc7 (10... Qxb2 $2 11. Na4 Qxa1 12. Qxa1 $18) 11. Be2 b5 12. Bf3 Bb7 13. O-O {[#]} e5 $146 ({Predecessor:} 13... Be7 14. f5 e5 15. Nb3 O-O 16. Qe2 Rfc8 17. Rac1 Bc6 18. Rfd1 Rab8 19. g4 a5 {0-1 (37) Gerard,A (1979)-Perez Lopez,A (2082) ICCF email 2015}) 14. fxe5 dxe5 15. Nf5 g6 16. Ne3 Rc8 17. Qe2 Bc5 18. Rad1 O-O 19. Ng4 h5 20. Nxf6+ Nxf6 21. Bxc5 Qxc5+ 22. Qf2 Kg7 23. Qxc5 Rxc5 24. Rd6 Rc6 25. Rfd1 Rfc8 26. Kf2 Rc4 {White must now prevent ...b4.} 27. Rb6 Nxe4+ 28. Bxe4 Bxe4 29. Nxe4 Rxe4 30. c3 Rf4+ 31. Ke2 Re4+ (31... Ra8 $15) 32. Kf3 {Weighted Error Value: White=0.06 (flawless) /Black=0.05 (flawless)} (32. Kf2 $11 {should be considered.}) 1/2-1/2